 Dungeon Sprint DCSS version 0.17-a0-1648-g0a089d4 (webtiles) character file.

3560 nuthulu the Grappler (level 10, -9/101 HPs)
             Began as a Ghoul Monk on Aug 12, 2015.
             Was the Champion of Makhleb.
             Mangled by an Executioner (23 damage)
             ... summoned by the player character
             ... in the Dungeon (Sprint VII: "The Pits").
             The game lasted 00:06:57 (1499 turns).

nuthulu the Grappler (Ghoul Monk)                   Turns: 1499, Time: 00:06:57

Health: -9/101     AC: 13    Str: 17    XL:     10   Next: 9%
Magic:  16/16      EV: 15    Int:  5    God:    Makhleb [******]
Gold:   0          SH:  0    Dex: 16    Spells: 0 memorised, 9 levels left

rFire  . . .     SeeInvis .       - Unarmed
rCold  + . .     Clarity  .     t - +4 chain mail
rNeg   + + +     SustAt   .     (no shield)
rPois  ∞         Gourm    .     (no helmet)
rElec  .         Spirit   .     o - +0 cloak
rCorr  .         Warding  .     (no gloves)
rMut   .         NoTele   +     (no boots)
MR     .....                    (no amulet)
Stlth  ..........               r - +3 ring of evasion
                                q - +3 ring of dexterity

@: rotting, not resistant to hostile enchantments, extremely unstealthy
A: rotting body, claws 1, carnivore 3, cold resistance 1, negative energy
resistance 3, slow healing 1, torment resistance, unbreathing
a: Minor Destruction, Lesser Servant of Makhleb, Major Destruction, Greater
Servant of Makhleb, Renounce Religion


You were in the Dungeon.
You worshipped Makhleb.
Makhleb was exalted by your worship.
You were not hungry.

You visited 1 branch

Inventory:

Armour
 a - a +0 robe
 m - a +2 plate armour
 n - a +3 chain mail
 o - a +0 cloak (worn)
 s - a +0 pair of gloves
 t - a +4 chain mail (worn)
Jewellery
 q - a +3 ring of dexterity (left claw)
 r - a +3 ring of evasion (right claw)
Magical devices
 p - a wand of random effects (16)
Scrolls
 h - a scroll of blinking
 j - 3 scrolls of remove curse
 k - 5 scrolls of amnesia
 l - a scroll of summoning
Potions
 c - 6 potions of curing
 d - 8 potions of heal wounds
 e - a potion of haste
 f - 4 potions of magic
 g - 5 potions of berserk rage
 i - 2 potions of invisibility
 u - 2 potions of brilliance
 v - 4 potions of agility
 w - a potion of cure mutation
Comestibles
 b - 8 meat rations
 x - 9 chunks of flesh


   Skills:
 + Level 13.3 Fighting
 + Level 11.4 Dodging
 - Level 2.1 Stealth
 + Level 13.5 Unarmed Combat
 + Level 10.1 Invocations


You had 9 spell levels left.
You didn't know any spells.

Dungeon Overview and Level Annotations

Branches:
Dungeon (1/1)

Altars:
Ashenzari
Cheibriados
Dithmenos
Elyvilon
Fedhas
Kikubaaqudgha
Makhleb
Nemelex Xobeh
Okawaru
Ru
Sif Muna
Trog
Vehumet
Xom
Yredelemnul
Zin
The Shining One
Beogh
Jiyva
Lugonu


Innate Abilities, Weirdness & Mutations

Your body is rotting away.
You thrive on raw meat.
You are immune to poison.
You have sharp fingernails.
You are carnivorous and can eat meat at any time.
Your flesh is cold resistant.
You are immune to negative energy.
You heal slowly when monsters are visible.
You are immune to unholy pain and torment.
You can survive without breathing.


Message History

The anaconda bites you but does no damage.
Unknown command.
You open the door. The Executioner hits you!
* * * LOW HITPOINT WARNING * * *
The Executioner hits you but does no damage.
The Executioner barely misses you. The Executioner hits you!
* * * LOW HITPOINT WARNING * * *
The Executioner misses you. The Executioner hits you.
* * * LOW HITPOINT WARNING * * *
The anaconda grabs you. The anaconda barely misses you.
* * * LOW HITPOINT WARNING * * *
The anaconda constricts you. The Executioner misses you.
The Executioner closely misses you.
The Executioner hits you but does no damage.
Unknown command.
Unknown command.
You escape the anaconda's grasp.
The Executioner gestures at you.
You are unaffected.
The Executioner hits you!!
You die...

..........# #..#......#
..........+ ..........+
#..#......# ...(......#
###''###### .##''#
##### ########
.##..###...###..@.S.#
.##..(##...##..##1Es###
.###.(.##†##..###...m.#
.#
##....÷.....##...#m.#
.###.)###'###...##'##
..#
.##.)##.....##..#...#
.#
###).'.......+..'...'
'.
###))##.....##..#...#
..
[###.)###'###...##'## #


You could see an Executioner, an anaconda, 2 merfolk, a water elemental and a
trapdoor spider.

Vanquished Creatures
  A griffon (D)
  Psyche (D)
  A polar bear (D)
  A bog body (D)
  A basilisk (D)
  A shadow (D)
  A wolf (D)
  A water moccasin (D)
  Crazy Yiuf (D)
  Jessica (D)
  A gnoll (D)
  A river rat (D)
  A giant eyeball (D)
  An ufetubus (D)
  An ooze (D)
  A worm (D)
  2 giant geckos (D)
  An orc (D)
  A giant cockroach (D)
  2 jackals (D)
  A bat (D)
  A giant gecko skeleton (D)
  A goblin (D)
  2 rats (D)
27 creatures vanquished.

Vanquished Creatures (collateral kills)
  A merfolk avatar (D)
  A sun demon (D)
  A swamp dragon (D)
  A komodo dragon (D)
  A giant leech (D)
  A wraith (D)
  A steam dragon (D)
  5 wolves (D)
  A deep elf fighter (D)
  A water moccasin (D)
  3 ogres (D)
  A centaur (D)
  A brain worm (D)
  An orc wizard (D)
  A worker ant (D)
  8 sheep (D)
  3 orcs (D)
32 creatures vanquished.

Grand Total: 59 creatures vanquished

Notes
Turn   | Place    | Note
--------------------------------------------------------------
     0 | D        | nuthulu the Ghoul Monk began the quest for the Orb.
     0 | D        | Reached XP level 1. HP: 19/19 MP: 0/0
    43 | D        | Found a sacrificial altar of Ru.
    43 | D        | Found a basalt altar of Yredelemnul.
    43 | D        | Found a glowing golden altar of the Shining One.
    43 | D        | Found a deep blue altar of Sif Muna.
    43 | D        | Found a burning altar of Makhleb.
    43 | D        | Found an ancient bone altar of Kikubaaqudgha.
    43 | D        | Found a glowing silver altar of Zin.
    44 | D        | Found a shadowy altar of Dithmenos.
    44 | D        | Found a bloodstained altar of Trog.
    44 | D        | Found a shattered altar of Ashenzari.
    44 | D        | Found a white marble altar of Elyvilon.
    44 | D        | Found a snail-covered altar of Cheibriados.
    44 | D        | Found a blossoming altar of Fedhas.
    44 | D        | Found a radiant altar of Vehumet.
    44 | D        | Found a shimmering altar of Xom.
    44 | D        | Found a sparkling altar of Nemelex Xobeh.
    44 | D        | Found a corrupted altar of Lugonu.
    44 | D        | Found a viscous altar of Jiyva.
    44 | D        | Found a roughly hewn altar of Beogh.
    44 | D        | Found an iron altar of Okawaru.
    47 | D        | Became a worshipper of Makhleb the Destroyer
    47 | D        | Acquired Makhleb's first power
    47 | D        | Acquired Makhleb's second power
    58 | D        | Paralysed by a giant eyeball for 3 turns
    64 | D        | Reached skill level 5 in Unarmed Combat
    69 | D        | Reached XP level 2. HP: 9/27 MP: 1/1
   107 | D        | Acquired Makhleb's third power
   110 | D        | Reached XP level 3. HP: 28/35 MP: 2/2
   174 | D        | Reached skill level 5 in Fighting
   174 | D        | Reached skill level 6 in Unarmed Combat
   176 | D        | Acquired Makhleb's fourth power
   293 | D        | Noticed an ogre
   311 | D        | Killed an ogre
   311 | D        | Reached skill level 5 in Dodging
   311 | D        | Reached XP level 4. HP: 38/44 MP: 3/3
   317 | D        | Noticed an ogre
   321 | D        | Killed an ogre
   321 | D        | Acquired Makhleb's fifth power
   321 | D        | Reached skill level 7 in Unarmed Combat
   321 | D        | Reached XP level 5. HP: 44/51 MP: 4/4
   434 | D        | Noticed Crazy Yiuf
   438 | D        | Killed Crazy Yiuf
   438 | D        | Reached skill level 8 in Unarmed Combat
   466 | D        | Noticed a basilisk
   502 | D        | Killed a basilisk
   502 | D        | Reached skill level 9 in Unarmed Combat
   502 | D        | Reached XP level 6. HP: 27/62 MP: 5/5
   627 | D        | Noticed a worker ant
   627 | D        | Noticed Jessica
   627 | D        | Noticed a deep elf fighter
   638 | D        | Killed a deep elf fighter
   643 | D        | Killed a worker ant
   652 | D        | Killed Jessica
   734 | D        | Noticed a merfolk avatar
   734 | D        | Noticed a water moccasin
   741 | D        | Reached skill level 10 in Unarmed Combat
   743 | D        | Killed a water moccasin
   743 | D        | Reached XP level 7. HP: 52/71 MP: 5/7
   754 | D        | Killed a merfolk avatar
   754 | D        | Reached skill level 11 in Fighting
   754 | D        | Reached skill level 5 in Invocations
   754 | D        | Reached XP level 8. HP: 58/82 MP: 5/11
   913 | D        | Noticed a centaur
   913 | D        | Noticed a polar bear
   914 | D        | Noticed a steam dragon
   919 | D        | Killed a centaur
   920 | D        | Noticed a swamp dragon
   927 | D        | Killed a steam dragon
   929 | D        | Killed a swamp dragon
   934 | D        | Killed a polar bear
   934 | D        | Reached skill level 10 in Dodging
   934 | D        | Reached skill level 12 in Unarmed Combat
   938 | D        | Noticed a giant leech
   954 | D        | Killed a giant leech
  1144 | D        | Noticed a griffon
  1148 | D        | Noticed an ogre
  1149 | D        | Killed a griffon
  1149 | D        | Reached XP level 9. HP: 90/90 MP: 12/14
  1155 | D        | Noticed an orc wizard
  1159 | D        | Noticed a bog body
  1160 | D        | Noticed a shadow
  1162 | D        | Noticed Psyche
  1164 | D        | Killed an ogre
  1169 | D        | Killed a shadow
  1171 | D        | Killed a bog body
  1174 | D        | Killed Psyche
  1174 | D        | Killed an orc wizard
  1231 | D        | Noticed a wolf
  1231 | D        | Noticed a wolf
  1231 | D        | Noticed a wolf
  1231 | D        | Noticed a wolf
  1231 | D        | Noticed a wolf
  1231 | D        | Noticed a wolf
  1239 | D        | Killed a wolf
  1239 | D        | Reached skill level 13 in Unarmed Combat
  1242 | D        | Killed a wolf
  1243 | D        | Killed a wolf
  1243 | D        | Killed a wolf
  1245 | D        | Killed a wolf
  1250 | D        | Killed a wolf
  1276 | D        | Noticed a komodo dragon
  1293 | D        | Killed a komodo dragon
  1330 | D        | Noticed a wraith
  1330 | D        | Noticed a brain worm
  1330 | D        | Noticed a sun demon
  1336 | D        | Killed a sun demon
  1336 | D        | Reached skill level 10 in Invocations
  1336 | D        | Reached XP level 10. HP: 67/101 MP: 16/16
  1337 | D        | Killed a wraith
  1340 | D        | Killed a brain worm
  1473 | D        | Noticed a water moccasin
  1474 | D        | Killed a water moccasin
  1490 | D        | Noticed an anaconda
  1491 | D        | Noticed a trapdoor spider
  1491 | D        | Noticed a water elemental
  1493 | D        | Noticed a merfolk
  1493 | D        | Noticed a merfolk
  1495 | D        | Noticed an Executioner
  1499 | D        | Mangled by an Executioner

Vault maps used:
D:        pitsprint

Action                   |  1- 3 |  4- 6 |  7- 9 | 10-12 || total
-------------------------+-------+-------+-------+-------++-------
Melee: Unarmed           |    28 |    37 |    43 |     4 ||   112
Invok: Minor Destruction |     4 |     2 |       |       ||     6
       Lesser Servant of |     1 |     3 |       |       ||     4
       Greater Servant o |       |       |     5 |     1 ||     6
       Major Destruction |       |       |     3 |     3 ||     6
 Stab: Sleeping          |     2 |       |       |       ||     2
       Distracted        |       |       |     1 |       ||     1
  Eat: Chunk             |     6 |     8 |    19 |     3 ||    36
